AoeStats
← 军军

Hideout

510053518Analyzed
1v1 RM · 4d ago on Sep 29, 2026· 36m 17s· 2 players
Game mode
Random Map
Map size
Tiny (2 player)
Population
200
Speed
Normal
Resources
Standard
Victory
Conquest
Starting age
Dark Age
Ending age
Imperial Age
RankedLock teamsTeams togetherTeam positionsShared explorationLock speedFull tech treeHidden civsTurbo modeCheats
Victory
Defeat
🇬🇹 Spanish · Guatemala
805
+18
🇨🇳 Teutons · China
844
-18
军军
8:55 Loom
11:36 Feudal Age
12:01 Horse Collar
12:07 Man-at-Arms
12:39 Double-Bit Axe
15:45 Arson
19:59 Wheelbarrow
25:44 Castle Age
24:34 Padded Archer Armor
24:24 Fletching
25:48 Elite Skirmisher
29:55 Bow Saw
30:15 Bodkin Arrow
30:36 Squires
34:19 Scale Mail Armor
34:29 Forging
Alejo0396
11:04 Feudal Age
9:21 Loom
15:55 Castle Age
23:26 Double-Bit Axe
29:51 Wheelbarrow
29:01 Town Watch
29:55 Wheelbarrow
29:06 Town Watch
32:28 Bloodlines
32:18 Husbandry
32:39 Forging
38:04 Imperial Age
Connection lost

Rejoining the realm…

Still unreachable

The connection could not be restored.

Session expired

The server has moved on; the page needs a fresh start.